| TOP OF THE 1ST |
|
Helena Brewers batting - Pitching for Billings Mustangs : RHP Markus Bevan
|
|
Pitching: RHP Markus Bevan
|
|
|
Batting: RHB Dan Allred
|
0-0: Foul Ball, location: 2F 0-1: Ground out 6-3 (Groundball, 6, EV 107.5 MPH)
|
|
Batting: RHB Alfredo Sena
|
0-0: Called Strike 0-1: Called Strike 0-2: Strikes out looking
|
|
Batting: LHB Karel Hort
|
0-0: Called Strike 0-1: Ball 1-1: Foul Ball, location: 2F 1-2: Ground out 5-3 (Groundball, 5, EV 80.6 MPH)
|
| Top of the 1st over - 0 runs, 0 hits, 0 errors, 0 left on base; Helena 0 - Billings 0 |
| BOTTOM OF THE 1ST |
|
Billings Mustangs batting - Pitching for Helena Brewers : RHP Franklin Arroyo
|
|
Pitching: RHP Franklin Arroyo
|
|
|
Batting: RHB Chris Christaldi
|
0-0: DOUBLE (Flyball, 9LD, EV 107.5 MPH)
|
|
Batting: RHB Jake Savell
|
0-0: Ball 1-0: Ball 2-0: Called Strike 2-1: Foul Ball, location: 2F 2-2: Foul Ball, location: 2F 2-2: Foul Ball, location: 2F 2-2: Ball 3-2: Base on Balls
|
|
Batting: LHB Brian Dickeson
|
0-0: Foul Ball, location: 2F 0-1: Foul Ball, location: 2F 0-2: Ball 1-2: Foul Ball, location: 2F 1-2: Ball 2-2: Foul Ball, location: 2F 2-2: Ball 3-2: Fielders Choice at 2nd, 3-6 (Groundball, 3, EV 87.5 MPH) Chris Christaldi to third
|
|
Batting: SHB David Garnica
|
0-0: Ball 1-0: Fielders Choice at 2nd, 3-6 (Groundball, 3, EV 109.4 MPH) Chris Christaldi scores
|
|
Batting: RHB Andy Bachman
|
0-0: Called Strike 0-1: Ball 1-1: Ball 2-1: Foul Ball, location: 2F 2-2: Ground out U3 (Groundball, 3, EV 86.9 MPH)
|
| Bottom of the 1st over - 1 run, 1 hit, 0 errors, 1 left on base; Helena 0 - Billings 1 |
| TOP OF THE 2ND |
|
Helena Brewers batting - Pitching for Billings Mustangs : RHP Markus Bevan
|
|
Batting: SHB Justin Hensley
|
0-0: Called Strike 0-1: Ball 1-1: SOLO HOME RUN (Flyball, 9D, EV 98.1 MPH), Distance : 381 ft
|
|
Batting: RHB Chris Fruit
|
0-0: Ball 1-0: Fly out, F8 (Flyball, 8RD, EV 94.4 MPH)
|
|
Batting: LHB Mark Backstrom
|
0-0: Ball 1-0: Ball 2-0: Ball 3-0: Called Strike 3-1: Base on Balls
|
|
Batting: RHB Manny Olave
|
0-0: Ball Wild Pitch! Mark Backstrom to second 1-0: Called Strike 1-1: Foul Ball, location: 2F 1-2: Strikes out swinging
|
|
Batting: RHB Justin Marino
|
0-0: Ball 1-0: Called Strike 1-1: Foul Ball, location: 2F 1-2: Ball 2-2: Strikes out looking
|
| Top of the 2nd over - 1 run, 1 hit, 0 errors, 1 left on base; Helena 1 - Billings 1 |
| BOTTOM OF THE 2ND |
|
Billings Mustangs batting - Pitching for Helena Brewers : RHP Franklin Arroyo
|
|
Batting: RHB Sang-ton Pak
|
0-0: Ground out U3 (Groundball, 3S, EV 80.6 MPH)
|
|
Batting: LHB Armando Arellano
|
0-0: Ball 1-0: Foul Ball, location: 2F 1-1: Called Strike 1-2: Ball 2-2: Ball 3-2: Ground out 4-3 (Groundball, 4, EV 77.5 MPH)
|
|
Batting: RHB Yutaka Sato
|
0-0: Foul Ball, location: 2F 0-1: Foul Ball, location: 2F 0-2: Ball 1-2: Ball 2-2: Ball 3-2: Ground out 4-3 (Groundball, 4, EV 99.4 MPH)
|
| Bottom of the 2nd over - 0 runs, 0 hits, 0 errors, 0 left on base; Helena 1 - Billings 1 |
| TOP OF THE 3RD |
|
Helena Brewers batting - Pitching for Billings Mustangs : RHP Markus Bevan
|
|
Batting: RHB Gil Sanchez
|
0-0: Called Strike 0-1: Hit by Pitch
|
|
Batting: RHB Dan Allred
|
0-0: Foul Ball, location: 2F 0-1: Foul Ball, location: 2F 0-2: Fly out, F3 (Popup, 3F, EV 63.8 MPH)
|
|
Batting: RHB Alfredo Sena
|
0-0: Ball 1-0: Ball 2-0: Foul Ball, location: 2F 2-1: SINGLE (Groundball, 3D, EV 102.5 MPH) Gil Sanchez to second Throwing error, E9 Gil Sanchez scores Alfredo Sena to second
|
|
Batting: LHB Karel Hort
|
0-0: Ball 1-0: Ball 2-0: Foul Ball, location: 2F 2-1: Foul Ball, location: 2F 2-2: Foul Ball, location: 2F 2-2: Ball 3-2: 2-RUN HOME RUN (Flyball, 89XD, EV 99.4 MPH), Distance : 393 ft
|
|
Batting: SHB Justin Hensley
|
0-0: Ball 1-0: Ball 2-0: Ball 3-0: Base on Balls
|
|
Batting: RHB Chris Fruit
|
0-0: Foul Ball, location: 2F 0-1: SINGLE (Groundball, 34, EV 86.9 MPH) (infield hit) Justin Hensley to second
|
|
Batting: LHB Mark Backstrom
|
0-0: Called Strike 0-1: Foul Ball, location: 2F 0-2: Foul Ball, location: 2F 0-2: Strikes out swinging
|
|
Batting: RHB Manny Olave
|
0-0: Ball 1-0: Ball 2-0: DOUBLE (Line Drive, 78XD, EV 106.2 MPH) Justin Hensley scores Chris Fruit to third
|
|
Batting: RHB Justin Marino
|
0-0: Called Strike 0-1: Ball 1-1: Ball 2-1: Ball 3-1: Swinging Strike 3-2: Foul Ball, location: 2F 3-2: Ground out U3 (Groundball, 23, EV 86.2 MPH)
|
| Top of the 3rd over - 4 runs, 4 hits, 1 error, 2 left on base; Helena 5 - Billings 1 |
| BOTTOM OF THE 3RD |
|
Billings Mustangs batting - Pitching for Helena Brewers : RHP Franklin Arroyo
|
|
Batting: SHB Gustavo Froio
|
0-0: Foul Ball, location: 2F 0-1: Ground out 1-3 (Groundball, 13S, EV 66.9 MPH)
|
|
Batting: RHB Chris Christaldi
|
0-0: Ball 1-0: Ball 2-0: Called Strike 2-1: Foul Ball, location: 2F 2-2: Ball 3-2: Foul Ball, location: 2F 3-2: Foul Ball, location: 2F 3-2: Foul Ball, location: 2F 3-2: Base on Balls
|
|
Batting: RHB Jake Savell
|
0-0: Ball 1-0: Ball 2-0: Ball 3-0: Base on Balls Chris Christaldi to second
|
|
Batting: LHB Brian Dickeson
|
0-0: Ball 1-0: Ball 2-0: Called Strike 2-1: Ball 3-1: Base on Balls Chris Christaldi to third Jake Savell to second
|
|
Batting: SHB David Garnica
|
0-0: Ball Wild Pitch! Chris Christaldi scores Jake Savell to third Brian Dickeson to second 1-0: Ground out 5-3 (Groundball, 56, EV 87.5 MPH) Jake Savell scores
|
|
Batting: RHB Andy Bachman
|
0-0: Called Strike 0-1: Ball 1-1: Called Strike 1-2: Ball 2-2: SINGLE (Line Drive, 6M, EV 101.9 MPH) Brian Dickeson to third Runner from 3rd tries for Home, throw by CF and OUT! 8-2
|
| Bottom of the 3rd over - 2 runs, 1 hit, 0 errors, 1 left on base; Helena 5 - Billings 3 |
| TOP OF THE 4TH |
|
Helena Brewers batting - Pitching for Billings Mustangs : RHP Markus Bevan
|
|
Batting: RHB Gil Sanchez
|
0-0: Foul Ball, location: 2F 0-1: Foul Ball, location: 2F 0-2: Foul Ball, location: 2F 0-2: Strikes out swinging, 2-3 out at first.
|
|
Batting: RHB Dan Allred
|
0-0: Ball 1-0: Foul Ball, location: 2F 1-1: Fly out, F7 (Flyball, 7, EV 90.0 MPH)
|
|
Batting: RHB Alfredo Sena
|
0-0: Called Strike 0-1: Foul Ball, location: 2F 0-2: Foul Ball, location: 2F 0-2: Ball 1-2: Foul Ball, location: 2F 1-2: Foul Ball, location: 2F 1-2: Fly out, F9 (Flyball, 9, EV 88.1 MPH)
|
| Top of the 4th over - 0 runs, 0 hits, 0 errors, 0 left on base; Helena 5 - Billings 3 |
| BOTTOM OF THE 4TH |
|
Billings Mustangs batting - Pitching for Helena Brewers : RHP Franklin Arroyo
|
|
Batting: RHB Sang-ton Pak
|
0-0: Ball 1-0: Ball 2-0: Ball 3-0: Base on Balls
|
|
Batting: LHB Armando Arellano
|
0-0: Called Strike Sang-ton Pak steals 2nd base 0-1: Ball 1-1: DOUBLE (Line Drive, 7LM, EV 111.9 MPH) Sang-ton Pak scores
|
|
Batting: RHB Yutaka Sato
|
0-0: Called Strike 0-1: Ball 1-1: Ball 2-1: Ball 3-1: Foul Ball, location: 2F 3-2: Base on Balls
|
|
Batting: SHB Gustavo Froio
|
0-0: Fly out, F9 (Flyball, 89M, EV 81.2 MPH)
|
|
Batting: RHB Chris Christaldi
|
0-0: Called Strike 0-1: Ball 1-1: DOUBLE (Line Drive, 78D, EV 105.0 MPH) Armando Arellano scores Yutaka Sato to third Runner from 3rd tries for Home, SAFE, no throw by LF
|
|
Pitching: LHP Tim Phillips
|
|
|
Batting: RHB Jake Savell
|
0-0: Ball 1-0: Foul Ball, location: 2F 1-1: Ball 2-1: Ball 3-1: Foul Ball, location: 2F 3-2: Fly out, F9 (Flyball, 9D, EV 105.6 MPH) Runner from 2nd tags up, SAFE at 3rd, no throw by RF
|
|
Batting: LHB Brian Dickeson
|
0-0: Ball 1-0: Ground out 6-3 (Groundball, 6, EV 89.4 MPH)
|
| Bottom of the 4th over - 3 runs, 2 hits, 0 errors, 1 left on base; Helena 5 - Billings 6 |
| TOP OF THE 5TH |
|
Helena Brewers batting - Pitching for Billings Mustangs : RHP Markus Bevan
|
|
Pitching: RHP Joe Green
|
|
|
Batting: LHB Karel Hort
|
0-0: Ball 1-0: Swinging Strike 1-1: Ball 2-1: Ball 3-1: SOLO HOME RUN (Flyball, 9D, EV 95.0 MPH), Distance : 382 ft
|
|
Batting: SHB Justin Hensley
|
0-0: Ball 1-0: Ball 2-0: Foul Ball, location: 2F 2-1: Foul Ball, location: 2F 2-2: Strikes out swinging, 2-3 out at first.
|
|
Batting: RHB Chris Fruit
|
0-0: DOUBLE (Groundball, 5L, EV 106.9 MPH)
|
|
Batting: LHB Mark Backstrom
|
0-0: Ball 1-0: SINGLE (Line Drive, 7LS, EV 113.1 MPH) Chris Fruit to third
|
|
Batting: RHB Manny Olave
|
0-0: Ball 1-0: Ball Wild Pitch! Chris Fruit scores Mark Backstrom to second 2-0: Ball 3-0: Base on Balls
|
|
Batting: RHB Justin Marino
|
0-0: Foul Ball, location: 2F 0-1: Ball 1-1: Grounds into double play, 6-4-3 (Groundball, 6, EV 102.5 MPH)
|
| Top of the 5th over - 2 runs, 3 hits, 0 errors, 1 left on base; Helena 7 - Billings 6 |
| BOTTOM OF THE 5TH |
|
Billings Mustangs batting - Pitching for Helena Brewers : LHP Tim Phillips
|
|
Batting: SHB David Garnica
|
0-0: Swinging Strike 0-1: Ground out 4-3 (Groundball, 4, EV 104.4 MPH)
|
|
Batting: RHB Andy Bachman
|
0-0: Ball 1-0: Called Strike 1-1: Foul Ball, location: 2F 1-2: Foul Ball, location: 2F 1-2: Ball 2-2: Ball 3-2: Strikes out swinging
|
|
Batting: RHB Sang-ton Pak
|
0-0: Ball 1-0: Ground out 6-3 (Groundball, 6M, EV 105.6 MPH)
|
| Bottom of the 5th over - 0 runs, 0 hits, 0 errors, 0 left on base; Helena 7 - Billings 6 |
| TOP OF THE 6TH |
|
Helena Brewers batting - Pitching for Billings Mustangs : RHP Joe Green
|
|
Batting: RHB Gil Sanchez
|
0-0: Ball 1-0: Foul Ball, location: 2F 1-1: Swinging Strike 1-2: Ball 2-2: SINGLE (Groundball, 56S, EV 69.4 MPH) (infield hit)
|
|
Batting: RHB Dan Allred
|
0-0: Called Strike 0-1: Ball Gil Sanchez steals 2nd base 1-1: Ball 2-1: Ball 3-1: Fly out, F7 (Line Drive, 7S, EV 111.9 MPH)
|
|
Batting: RHB Alfredo Sena
|
0-0: Ball 1-0: Ball 2-0: DOUBLE (Line Drive, 9LS, EV 90.0 MPH) Gil Sanchez scores
|
|
Batting: LHB Karel Hort
|
0-0: Ball 1-0: Ball 2-0: Ball 3-0: Called Strike 3-1: Base on Balls
|
|
Batting: SHB Justin Hensley
|
0-0: Swinging Strike 0-1: Ball 1-1: Ball 2-1: Swinging Strike 2-2: Strikes out swinging
|
|
Batting: RHB Chris Fruit
|
0-0: SINGLE (Line Drive, 6D, EV 98.8 MPH) Alfredo Sena to third Karel Hort to second
|
|
Batting: LHB Mark Backstrom
|
0-0: Called Strike 0-1: Ball 1-1: SINGLE (Flyball, 56D, EV 88.1 MPH) Alfredo Sena scores Karel Hort to third Chris Fruit to second
|
|
Batting: RHB Manny Olave
|
0-0: Ball 1-0: Ball 2-0: Ground out 1-3 (Groundball, 13S, EV 72.5 MPH)
|
| Top of the 6th over - 2 runs, 4 hits, 0 errors, 3 left on base; Helena 9 - Billings 6 |
| BOTTOM OF THE 6TH |
|
Billings Mustangs batting - Pitching for Helena Brewers : LHP Tim Phillips
|
|
Batting: LHB Armando Arellano
|
0-0: Ball 1-0: Fly out, F7 (Flyball, 7, EV 88.8 MPH)
|
|
Batting: RHB Yutaka Sato
|
0-0: Ground out 6-3 (Groundball, 56, EV 87.5 MPH)
|
|
Batting: SHB Gustavo Froio
|
0-0: Ball 1-0: Ball 2-0: SINGLE (Groundball, 56S, EV 98.1 MPH)
|
|
Batting: RHB Chris Christaldi
|
0-0: Called Strike 0-1: Called Strike 0-2: Ball 1-2: Strikes out swinging
|
| Bottom of the 6th over - 0 runs, 1 hit, 0 errors, 1 left on base; Helena 9 - Billings 6 |
| TOP OF THE 7TH |
|
Helena Brewers batting - Pitching for Billings Mustangs : RHP Joe Green
|
|
Batting: RHB Justin Marino
|
0-0: Ball 1-0: Ball 2-0: Ground out 6-3 (Groundball, 56, EV 110.0 MPH)
|
|
Batting: RHB Gil Sanchez
|
0-0: Fly out, F8 (Flyball, 8LD, EV 91.9 MPH)
|
|
Batting: RHB Dan Allred
|
0-0: Ball 1-0: Ball 2-0: Foul Ball, location: 2F 2-1: Called Strike 2-2: Ball 3-2: Foul Ball, location: 2F 3-2: Foul Ball, location: 2F 3-2: Foul Ball, location: 2F 3-2: Ground out 5-3 (Groundball, 5, EV 85.6 MPH)
|
| Top of the 7th over - 0 runs, 0 hits, 0 errors, 0 left on base; Helena 9 - Billings 6 |
| BOTTOM OF THE 7TH |
|
Billings Mustangs batting - Pitching for Helena Brewers : LHP Tim Phillips
|
|
Batting: RHB Jake Savell
|
0-0: Called Strike 0-1: Called Strike 0-2: Strikes out swinging
|
|
Batting: LHB Brian Dickeson
|
0-0: Ball 1-0: Ground out U3 (Groundball, 34, EV 85.6 MPH)
|
|
Batting: SHB David Garnica
|
0-0: Ball 1-0: Ball 2-0: Ball 3-0: Base on Balls
|
|
Batting: RHB Andy Bachman
|
0-0: Called Strike 0-1: Ground out 1-3 (Groundball, 34S, EV 66.9 MPH)
|
| Bottom of the 7th over - 0 runs, 0 hits, 0 errors, 1 left on base; Helena 9 - Billings 6 |
| TOP OF THE 8TH |
|
Helena Brewers batting - Pitching for Billings Mustangs : RHP Joe Green
|
|
Pitching: RHP Larry McPhee
|
|
|
Batting: RHB Alfredo Sena
|
0-0: Called Strike 0-1: Ball 1-1: Foul Ball, location: 2F 1-2: Ball 2-2: Strikes out swinging
|
|
Batting: LHB Karel Hort
|
0-0: Called Strike 0-1: Foul Ball, location: 2F 0-2: Strikes out swinging
|
|
Batting: SHB Justin Hensley
|
0-0: Foul Ball, location: 2F 0-1: Foul Ball, location: 2F 0-2: Ball 1-2: SOLO HOME RUN (Flyball, 7D, EV 97.5 MPH), Distance : 377 ft
|
|
Batting: RHB Chris Fruit
|
0-0: Ball 1-0: Foul Ball, location: 2F 1-1: Ball 2-1: SINGLE (Groundball, 56D, EV 97.5 MPH)
|
|
Batting: LHB Mark Backstrom
|
0-0: Ball 1-0: Called Strike 1-1: Swinging Strike 1-2: Ball 2-2: Ball 3-2: Foul Ball, location: 2F 3-2: Strikes out looking
|
| Top of the 8th over - 1 run, 2 hits, 0 errors, 1 left on base; Helena 10 - Billings 6 |
| BOTTOM OF THE 8TH |
|
Billings Mustangs batting - Pitching for Helena Brewers : LHP Tim Phillips
|
|
Pitching: RHP Josh Brakefield
|
|
|
Batting: RHB Sang-ton Pak
|
0-0: Ball 1-0: Ground out 6-3 (Groundball, 6, EV 98.1 MPH)
|
|
Batting: LHB Armando Arellano
|
0-0: Called Strike 0-1: Foul Ball, location: 2F 0-2: Fly out, F8 (Flyball, 8RM, EV 86.2 MPH)
|
|
Batting: RHB Yutaka Sato
|
0-0: Called Strike 0-1: Fly out, F6 (Popup, 6M, EV 71.9 MPH)
|
| Bottom of the 8th over - 0 runs, 0 hits, 0 errors, 0 left on base; Helena 10 - Billings 6 |
| TOP OF THE 9TH |
|
Helena Brewers batting - Pitching for Billings Mustangs : RHP Larry McPhee
|
|
Batting: RHB Manny Olave
|
0-0: Called Strike 0-1: Ball 1-1: Ball 2-1: Foul Ball, location: 2F 2-2: Ball 3-2: Foul Ball, location: 2F 3-2: Strikes out swinging
|
|
Batting: RHB Justin Marino
|
0-0: Called Strike 0-1: Ball 1-1: Foul Ball, location: 2F 1-2: Strikes out swinging
|
|
Batting: LHB John Fortin
|
0-0: Foul Ball, location: 2F 0-1: Swinging Strike 0-2: Ball 1-2: Strikes out looking
|
| Top of the 9th over - 0 runs, 0 hits, 0 errors, 0 left on base; Helena 10 - Billings 6 |
| BOTTOM OF THE 9TH |
|
Billings Mustangs batting - Pitching for Helena Brewers : RHP Josh Brakefield
|
|
Batting: SHB Gustavo Froio
|
0-0: Swinging Strike 0-1: Swinging Strike 0-2: Ball 1-2: Strikes out swinging
|
|
Batting: RHB Chris Christaldi
|
0-0: Fly out, F8 (Flyball, 8LS, EV 95.0 MPH)
|
|
Batting: RHB Jake Savell
|
0-0: Called Strike 0-1: Ground out 2-3 (Groundball, 15S, EV 65.6 MPH)
|
| Bottom of the 9th over - 0 runs, 0 hits, 0 errors, 0 left on base; Helena 10 - Billings 6 |
|